 Dungeon Crawl Stone Soup version 0.20.1-1-g8b1a95d (webtiles) character file.

274 digijack the Digger (level 6, 0/44 HPs)
             Began as a Deep Dwarf Earth Elementalist on Dec 9, 2017.
             Was an Initiate of Hepliaklqana.
             Slain by Edmund
             ... wielding a +1 dire flail of venom
              (9 damage)
             ... on level 4 of the Dungeon.
             The game lasted 00:27:03 (4552 turns).

digijack the Digger (Deep Dwarf Earth Elementalist) Turns: 4552, Time: 00:27:04

Health: 0/44       AC:  3    Str: 13 (15) XL:     6   Next: 3%
Magic:  7/10       EV: 13    Int: 14 (17) God:    Hepliaklqana [......]
Gold:   193        SH:  0    Dex: 10 (13) Spells: 4/10 levels left

rFire    . . .     SeeInvis .   a - +5 hand axe
rCold    + . .     Gourm    .   (no shield)
rNeg     . . .     Faith    .   c - +1 robe
rPois    .         Spirit   .   (no helmet)
rElec    .         Reflect  .   (no cloak)
rCorr    .         Harm     .   (no gloves)
MR       .....                  (no boots)
Stlth    ++........             (no amulet)
Regen    0.0/turn               f - ring of protection from cold
MPRegen  0.2/turn               k - +3 ring of strength

@: lethally poisoned (0 -> 0), non-regenerating, slowed, very slow
A: damage resistance, heal wounds, reduced essence, sense surroundings 1, no
regeneration
a: Heal Wounds, Recall Ancestor, Ancestor Identity, Renounce Religion


You were on level 4 of the Dungeon.
You worshipped Hepliaklqana.
Hepliaklqana was noncommittal.
You were not hungry.

You visited 1 branch of the dungeon, and saw 4 of its levels.

You collected 193 gold pieces.

Inventory:

Hand Weapons
 a - a +5 hand axe (weapon)
Missiles
 d - 19 stones (quivered)
Armour
 c - a +1 robe (worn)
Jewellery
 f - a ring of protection from cold (left hand)
 k - a +3 ring of strength (right hand)
Scrolls
 i - 3 scrolls of identify
Potions
 j - 2 potions of curing
Books
 b - a book of Geomancy

   Spells                             Type                      Level
   a - Sandblast                      Earth                        1
   b - Passwall                       Transmutation/Earth          2
   c - Stone Arrow                    Conjuration/Earth            3
   d - Petrify                        Transmutation/Earth          4
   e - Lee's Rapid Deconstruction     Earth                        5
Comestibles
 e - a bread ration
 h - a royal jelly
 l - a chunk of flesh


   Skills:
 + Level 2.3 Axes
 + Level 3.5 Dodging
 + Level 4.3 Stealth
 + Level 2.9 Spellcasting
 - Level 0.8 Transmutations
 + Level 5.3 Earth Magic


You had 4 spell levels left.
You knew the following spells:

 Your Spells              Type           Power        Failure   Level  Hunger
a - Sandblast             Erth           ###...       2%          1    #......
b - Stone Arrow           Conj/Erth      #.....       22%         3    ###....
c - Passwall              Tmut/Erth      ##........   9%          2    ##.....


Dungeon Overview and Level Annotations

Branches:
Dungeon (4/15)
 Temple: D:4-7

Altars:
Fedhas
Gozag
Hepliaklqana

Annotations:
D:4 Dowan; Edmund; Natasha; digijack's ghost, amateur TeSu


Innate Abilities, Weirdness & Mutations

You are resistant to damage.
You can heal yourself by infusing magical energy.
You passively map a small area around you.
You do not regenerate.
Your life essence is reduced to manifest your ancestor. (-10% HP)


Message History

Digijack's ghost casts a spell.
Edmund closely misses you.
Entojack hits Natasha.
Unknown command.
Casting: Sandblast
Confirm with . or Enter, or press ? or * to list all spells.
Aiming: Sandblast
Press: ? - help, Shift-Dir - straight line, f/p - Dowan
Aim: Dowan, wielding a dagger of venom and wearing a robe The blast of sand hits Edmund.
Edmund is lightly wounded.
d - 19 stones Edmund hits you but does no damage.
You are more poisoned.
Natasha growls.
Entojack barely misses Natasha.
Digijack's ghost hits you.
* * * LOW HITPOINT WARNING * * *
Dowan casts a spell.
Dowan blinks!
Edmund hits you with a dire flail of venom!
You die...

.....................! ,
.....$........####### ,
.>.........##>......# ,,
..##.................# ,
......R#.###.........# *
,......5....##.....####*
* , $.####.##.#...#.## *
.....#$##.<.#....## , ,
#.......Rh@@.#..##.# , *
* #........5#W....%... *
, ####....##ยง5..#.....
* ##......#..#.###..
#....###..... . ,
,*#....#*........, *
....... .........
.#..W.....#..##.. , *
#.#.#5.....##.. # *


You could see the friendly entojack the ancestor, Edmund, Natasha, digijack's
ghost, a crimson imp and a shadow imp.

Vanquished Creatures
  2 orc wizards (D:3)
  6 gnolls
  6 adders
  3 oozes
  2 dart slugs
  3 worms (D:2)
  3 leopard geckos
  9 orcs (D:3)
  2 giant cockroaches
  13 goblins
  9 hobgoblins
  3 jackals (D:1)
  A quokka (D:2)
  3 bats
  4 frilled lizards
  A jackal skeleton (D:4)
  3 kobolds
  5 rats
78 creatures vanquished.

Notes
Turn   | Place    | Note
-------+----------+-------------------------------------------
     0 | D:1      | digijack the Deep Dwarf Earth Elementalist began the quest for the Orb.
     0 | D:1      | Reached XP level 1. HP: 15/15 MP: 3/3
   223 | D:1      | Reached XP level 2. HP: 20/22 MP: 0/4
  1145 | D:2      | Reached XP level 3. HP: 28/28 MP: 2/6
  1443 | D:2      | Learned a level 3 spell: Stone Arrow
  1514 | D:2      | Found an opulent altar of Gozag.
  1518 | D:2      | Reached XP level 4. HP: 36/36 MP: 0/7
  1858 | D:2      | Reached skill level 1 in Axes
  2609 | D:2      | Reached XP level 5. HP: 42/42 MP: 0/8
  2993 | D:2      | Reached skill level 5 in Earth Magic
  3795 | D:3      | Found a blossoming altar of Fedhas.
  3998 | D:3      | Found a hazy altar of Hepliaklqana.
  4151 | D:3      | Reached XP level 6. HP: 49/49 MP: 7/10
  4487 | D:3      | Learned a level 2 spell: Passwall
  4501 | D:3      | Became a worshipper of Hepliaklqana the Forgotten
  4514 | D:4      | Noticed Edmund
  4533 | D:4      | Noticed Dowan
  4534 | D:4      | Noticed Natasha
  4545 | D:4      | Noticed digijack's ghost (amateur TeSu)
  4552 | D:4      | Slain by Edmund

Skill      XL: |  1  2  3  4  5 |
---------------+----------------+-----
Stealth        | 3 4 |  4.3
Spellcasting   | 2 |  2.9
Dodging        | 3 |  3.5
Axes           | 1 2 |  2.3
Earth Magic    | 5 |  5.3
Transmutations | |  0.8

Action                   |  1- 3 |  4- 6 || total
-------------------------+-------+-------++-------
Melee: Unarmed           |    17 |       ||    17
       Hand axe          |     4 |    18 ||    22
Throw: Stone             |       |     2 ||     2
 Cast: Sandblast         |    39 |    53 ||    92
       Stone Arrow       |     2 |    30 ||    32
       Passwall          |       |     1 ||     1
Invok: Ancestor Identity |       |     1 ||     1
 Abil: Heal Wounds       |     2 |     4 ||     6
  Use: Scroll            |     5 |     3 ||     8
       Potion            |     2 |     3 ||     5
 Stab: Sleeping          |       |     1 ||     1
  Eat: Chunk             |     3 |     9 ||    12
       Bread ration      |       |     1 ||     1
Armor: Robe              |     8 |     5 ||    13
Dodge: Dodged            |    26 |    27 ||    53
